 Dungeon Crawl Stone Soup version 0.32-a0-779-g362cfcae2a (webtiles) character file.

Game seed: 9663739839264303870

7968 dialectric the Mimic (level 11, -4/99 (107) HPs)
             Began as a Troll Shapeshifter on Mar 19, 2024.
             Slain by a two-headed ogre
             ... wielding a +0 giant club
              (16 damage)
             ... on level 10 of the Dungeon.
             The game lasted 00:11:00 (8439 turns).

dialectric the Mimic (Troll Shapeshifter)           Turns: 8439, Time: 00:11:01

HP:   -4/99 (107)   AC: 12    Str: 26    XL:     11   Next: 3%
MP:   0/10          EV:  9    Int:  6    God:
Gold: 682           SH:  0    Dex: 11    Spells: 10/10 levels left

rFire   + + +        y - +0 trident (venom)
rCold   x . .        (no shield)
rNeg    . . .        j - +0 fire dragon scales
rPois   +            (helmet currently unavailable)
rElec   .            (cloak currently unavailable)
rCorr   .            (gloves unavailable)
SInv    .            (boots unavailable)
Will    .....        A - amulet of guardian spirit Stlth
                     l - ring of protection from fire
HPRegen 1.16/turn    q - ring of poison resistance
MPRegen 0.12/turn

%: guardian spirit
@: beast-form, drained
A: beast (slay +4), large, unfitting armour, claws 3, regeneration 1, shaggy fur
1, tough skin 1
a: Begin Untransformation


You were on level 10 of the Dungeon.
You were a hulking beast.
You visited 1 branch of the dungeon, and saw 10 of its levels.

You collected 682 gold pieces.

Inventory:

Hand Weapons
 y - a +0 trident of venom (weapon)
 C - a +2 whip of freezing
 D - a +0 broad axe
Missiles
 x - a throwing net
 K - 3 curare-tipped darts (quivered)
Armour
 f - +0 steam dragon scales
 j - +0 fire dragon scales (worn)
Jewellery
 h - a ring of flight
 l - a ring of protection from fire (left claw)
 q - a ring of poison resistance (right claw)
 A - an amulet of guardian spirit (around neck)
 F - a ring of protection from cold
 L - an amulet of regeneration
Talismans
 c - a beast talisman (active)
 d - a flux talisman
Wands
 w - a wand of charming (10)
 I - a wand of acid (6)
Scrolls
 a - a scroll of silence {unknown}
 e - a scroll of brand weapon {unknown}
 i - 2 scrolls of teleportation
 m - 2 scrolls of poison
 n - 4 scrolls of blinking
 o - 5 scrolls of noise
 p - 2 scrolls of enchant weapon
 u - 2 scrolls of immolation {unknown}
 G - a scroll of vulnerability {unknown}
 J - a scroll of fear {unknown}
 N - a scroll of torment {unknown}
Potions
 b - 5 potions of lignification
 g - a potion of magic
 k - 3 potions of brilliance
 r - 2 potions of might
 s - a potion of cancellation
 t - 2 potions of heal wounds
 v - 3 potions of curing
 z - 4 potions of berserk rage
 B - a potion of invisibility {unknown}
 E - a potion of mutation
 H - a potion of haste {unknown}
 M - a potion of resistance {unknown}


   Skills:
 + Level 6.5 Fighting
 + Level 5.4 Polearms
 + Level 6.3 Armour
 + Level 6.7 Dodging
 - Level 3.1 Unarmed Combat
 + Level 8.0 Shapeshifting


You had 10 spell levels left.
You didn't know any spells.
Your spell library contained the following spells:

 Spells                   Type           Power      Damage    Failure   Level
 Apportation              Tloc           0%         N/A       77%         1
 Freeze                   Ice            0%         1d3       77%         1
 Kiss of Death            Conj/Necr      0%         2d5       77%         1
 Necrotise                Necr           0%         1d4       77%         1
 Sting                    Conj/Alch      0%         1d3       77%         1
 Summon Small Mammal      Summ           0%         N/A       77%         1
 Jinxbite                 Hex            0%         N/A       88%         2
 Frozen Ramparts          Ice            0%         1d1       98%         3
 Fugue of the Fallen      Necr           0%         N/A       98%         3
 Hailstorm                Conj/Ice       0%         3d5       98%         3
 Ozocubu's Armour         Ice            0%         N/A       98%         3
 Summon Ice Beast         Ice/Summ       0%         N/A       98%         3
 Manifold Assault         Tloc           0%         N/A       100%        4
 Alistair's Intoxication  Alch           0%         N/A       100%        5
 Fireball                 Conj/Fire      0%         3d3       100%        5
 Freezing Cloud           Conj/Ice/Air   0%         6-21      100%        5
 Summon Mana Viper        Hex/Summ       0%         N/A       100%        5
 Dispersal                Tloc           0%         N/A       100%        6
 Permafrost Eruption      Ice/Erth       0%         2x4d2     100%        6
 Sculpt Simulacrum        Ice/Alch       0%         N/A       100%        6
 Monstrous Menagerie      Summ           0%         N/A       100%        7
 Disjunction              Tloc           0%         N/A       100%        8
 Polar Vortex             Ice            0%         N/A       100%        9


Dungeon Overview and Level Annotations

Branches:
Dungeon (10/15)            Temple (0/1) D:5
   Lair: D:8-11         Orc: D:9-12

Altars:
Okawaru

Shops:
D:5 (   D:10 *

Annotations:
D:10 Nergalle


Innate Abilities, Weirdness & Mutations

You are a hulking beast.
Your limbs bulge with bestial killing power. (Slay +4)
You are too large for most types of armour.
You have claws for hands.
Your natural rate of healing is unusually fast.
You are covered in fur. (AC +1)
You have tough skin. (AC +1)


Message History

You reach to attack!
You closely miss the orc. You hit the orc.
The orc is poisoned.
The orc is heavily wounded.
The orc hits you but does no damage.
You barely miss the orc.
The orc is almost dead.
The orc closely misses you.
You barely miss the orc.
The orc is almost dead.
The orc hits you but does no damage.
You puncture the orc!
You kill the orc!
You puncture the two-headed ogre!
The two-headed ogre looks as sick as possible!
The two-headed ogre is moderately wounded.
The two-headed ogre hits you with a +0 giant club!! x2
You hit the two-headed ogre.
The two-headed ogre looks as sick as possible!
The two-headed ogre is moderately wounded.
The two-headed ogre barely misses you.
The two-headed ogre hits you with a +0 giant club!
You are too injured to fight recklessly!
You barely miss the two-headed ogre.
The two-headed ogre is moderately wounded.
You hit the two-headed ogre but do no damage.
The two-headed ogre looks as sick as possible!
The two-headed ogre is moderately wounded.
The two-headed ogre hits you with a +0 giant club!!
The two-headed ogre hits you but does no damage.
You completely miss the two-headed ogre.
The two-headed ogre is moderately wounded.
The two-headed ogre hits you with a +0 giant club!
* * * LOW HITPOINT WARNING * * *
The two-headed ogre hits you with a +0 giant club!
* * * LOW HITPOINT WARNING * * *
You are too injured to fight recklessly!
You hit the two-headed ogre but do no damage.
The two-headed ogre is moderately wounded.
The two-headed ogre hits you with a +0 giant club!!
You die...

.#####.....###.# #....##.# #.....
.# ##.##.#...###....##.# #..... .
#..#.#.####........# ####.# #
##.#.#.......####### #.#
#...#..###.## #.# ##..#..###.# ..
#.........# ##########.....######
...........#....h)..###
........######รท#O.....#
............##.#......##. #..
........###.##.#........ .. #..
........###.##........##.... #..
#####)........##......##.... #.#
........#.##......##.... #.# .
......####.#..........##. #.#
.........####Y#...o.........###Y#


You could see a two-headed ogre (extremely poisoned).

Vanquished Creatures
  A two-headed ogre (D:9)
  Pikel (D:6)
  A komodo dragon (D:10)
  Maggie (D:7)
  2 slime creatures (D:8)
  17 yaks
  3 steam dragons
  2 water moccasins (D:6)
  An ice beast (D:8)
  2 orc warriors (D:10)
  4 black bears
  A centaur (D:6)
  2 lemures (D:5)
  A phantom (D:4)
  5 kobold brigands
  3 bullfrogs
  3 scorpions
  3 wights
  5 howler monkeys
  5 jellies
  3 orc priests
  2 bombardier beetles (D:5)
  5 hounds
  A gnoll bouda (D:7)
  A sleepcap (D:5)
  Jessica (D:3)
  3 iguanas
  8 orc wizards
  Ijyb (D:4)
  Terence (D:3)
  Robin (D:4)
  3 adders
  9 gnolls
  2 white imps (D:6)
  2 ribbon worms
  A dart slug (D:2)
  18 orcs
  4 bats
  11 endoplasms
  4 giant cockroaches
  18 goblins
  6 hobgoblins
  3 quokkas
  8 ball pythons
  3 frilled lizards
  13 kobolds
  8 rats
203 creatures vanquished.

Vanquished Creatures (others)
  2 yaks (D:10)
2 creatures vanquished.

Grand Total: 205 creatures vanquished

Notes
Turn   | Place    | Note
-------+----------+-------------------------------------------
     0 | D:1      | dialectric the Troll Shapeshifter began the quest for the
                  | Orb.
     0 | D:1      | Reached XP level 1. HP: 18/18 MP: 0/0
   241 | D:1      | Reached skill level 1 in Fighting
   263 | D:1      | Reached XP level 2. HP: 26/27 MP: 1/1
   762 | D:2      | Reached XP level 3. HP: 33/33 MP: 2/2
  1627 | D:3      | Noticed Jessica
  1629 | D:3      | Killed Jessica
  1630 | D:3      | Reached skill level 1 in Armour
  1630 | D:3      | Reached XP level 4. HP: 42/42 MP: 3/3
  1719 | D:3      | Noticed Terence
  1725 | D:3      | Killed Terence
  2587 | D:4      | Noticed a phantom
  2606 | D:4      | Killed a phantom
  2607 | D:4      | Reached XP level 5. HP: 49/49 MP: 4/4
  2869 | D:4      | Noticed Ijyb
  2885 | D:4      | Reached skill level 4 in Shapeshifting
  2885 | D:4      | Reached XP level 6. HP: 59/59 MP: 5/5
  2891 | D:4      | Killed Ijyb
  3106 | D:4      | Noticed Robin
  3125 | D:4      | Killed Robin
  3380 | D:5      | Entered Level 5 of the Dungeon
  3688 | D:5      | Reached XP level 7. HP: 66/67 MP: 6/6
  3932 | D:5      | Found Ykyeqape's Hydra Hut.
  3938 | D:5      | Noticed a six-headed hydra
  3976 | D:5      | Found a staircase to the Ecumenical Temple.
  4266 | D:6      | Reached skill level 1 in Polearms
  4266 | D:6      | Reached skill level 5 in Shapeshifting
  4275 | D:6      | Reached XP level 8. HP: 78/78 MP: 7/7
  4690 | D:6      | Noticed Pikel
  4916 | D:6      | Killed Pikel
  4917 | D:6      | Reached XP level 9. HP: 59/85 MP: 5/8
  4994 | D:6      | Reached skill level 6 in Shapeshifting
  5115 | D:6      | Reached skill level 5 in Dodging
  5472 | D:7      | Noticed Maggie
  5484 | D:7      | Killed Maggie
  5485 | D:7      | Reached skill level 5 in Fighting
  5625 | D:6      | Reached skill level 5 in Armour
  5850 | D:7      | Found an iron altar of Okawaru.
  5915 | D:7      | Reached XP level 10. HP: 96/96 MP: 9/9
  6169 | D:8      | Reached skill level 7 in Shapeshifting
  7462 | D:9      | Noticed a two-headed ogre
  7473 | D:9      | Killed a two-headed ogre
  7474 | D:9      | Reached skill level 5 in Polearms
  7936 | D:10     | Entered Level 10 of the Dungeon
  7960 | D:10     | Reached skill level 8 in Shapeshifting
  8122 | D:10     | Noticed Nergalle
  8130 | D:10     | Reached XP level 11. HP: 39/107 MP: 3/10
  8261 | D:10     | Found Ajulou's Assorted Antiques.
  8341 | D:10     | Got the Parchment of Conjuration and the Blizzard
  8427 | D:10     | Noticed a two-headed ogre
  8439 | D:10     | Slain by a two-headed ogre

Illustrated notes

Levels and vault maps discovered:
D:1:      minmay_arrival_doors, layout_basic
D:2:      layout_basic, serial_corexii_hall, corexii_hall_statues_s,
          chequers_hall_statues_y, minmay_joined_circles
D:3:      layout_loops_corners, hex_medium, uniq_terence, uniq_jessica
D:4:      layout_cave_pods, hangedman_abyss_or_decor_passed, uniq_robin,
          uniq_ijyb
D:5:      layout_gridville, minmay_temple_entry_slanted, doesnt_shop_hydraphobe
D:6:      layout_loops_ring, grunt_ministairs_9, billiards_dpeg, uniq_pikel
D:7:      layout_cave_pools, mainiacjoe_overflow_surrounded_room, uniq_maggie
D:8:      cheibrodos_fertilizer, layout_loops_corners, minmay_misc_feat_rugged
D:9:      layout_rooms
D:10:     layout_basic, serial_shops, nicolae_shop_tiny_statue_garden,
          serial_bayou_pond_a, uniq_nergalle

Skill      XL: |  1  2  3  4  5  6  7  8  9 10 |
---------------+-------------------------------+-----
Fighting       | 1 2 3 4 5 6 |  6.5
Dodging        | 2 3 4 5 6 |  6.7
Armour         | 1 2 3 4 5 6 |  6.3
Shapeshifting  | 4 5 6 8 |  8.0
Polearms       | 1 2 4 5 |  5.4
Unarmed Combat | |  3.1

Action                     |  1- 3 |  4- 6 |  7- 9 | 10-12 || total
---------------------------+-------+-------+-------+-------++-------
  Melee: Unarmed           |   102 |   135 |   130 |       ||   367
         Punch             |       |     4 |     4 |       ||     8
         Trident           |       |       |   145 |   253 ||   398
  Evoke: Wand              |       |       |       |     2 ||     2
    Use: Scroll            |       |       |    10 |     5 ||    15
   Stab: Sleeping          |     2 |       |       |       ||     2
 Armour: Animal skin       |    54 |       |       |       ||    54
         Fire dragon scale |       |   134 |   298 |   197 ||   629
  Dodge: Dodged            |    40 |    59 |   126 |    80 ||   305

Table legend: (Time is in decaauts)
 A = Elapsed time spent in this place.
 B = Non-inter-level travel time spent in this place.
 C = Inter-level travel time spent in this place.
 D = Time resting spent in this place.
 E = Time spent auto-exploring this place.
 F = Levels seen in this place.
 G = Mean time per level.
                   A        B        C        D        E       F      G
               +--------+--------+--------+--------+--------+-----+--------+
         Total |   8458 |   8145 |    313 |    305 |   6071 |  10 |  845.8 |
       Dungeon |   8458 |   8145 |    313 |    305 |   6071 |  10 |  845.8 |
               +--------+--------+--------+--------+--------+-----+--------+

Top non-repeatable levels by time:
     D:8: 1252 daAuts
     D:6: 1094 daAuts
     D:4: 984 daAuts
     D:2: 902 daAuts
     D:5: 837 daAuts
     D:3: 808 daAuts
     D:1: 717 daAuts
     D:9: 696 daAuts
     D:7: 668 daAuts
    D:10: 496 daAuts
